 Dungeon Crawl Stone Soup version 0.30.0-12-gd5a94ecb5d (webtiles) character file.

Game seed: 17496178949202692663

139 DenSaoPin the Ruffian (level 5, -5/40 HPs)
             Began as a Draconian Transmuter on May 17, 2023.
             Slain by an orc
             ... wielding a +0 mace
              (7 damage)
             ... on level 3 of the Dungeon.
             The game lasted 00:09:31 (1886 turns).

DenSaoPin the Ruffian (Draconian Transmuter)        Turns: 1886, Time: 00:09:31

Health: -5/40      AC:  9    Str: 14    XL:     5   Next: 1%
Magic:  8/8        EV: 12    Int: 13    God:
Gold:   101        SH:  0    Dex: 12    Spells: 5/8 levels left

rFire   . .          .
                       - Unarmed
rCold   . . .        n - orb {mayhem}
rNeg    . . .        (body armour unavailable)
rPois   .            q - +2 hat
rElec   .            c - +0 cloak
rCorr   .            p - +0 pair of gloves
SInv    .            (no boots)
Will    .....        g - amulet of magic regeneration
Stlth   +            (no ring)
HPRegen 0.26/turn    (no ring)
MPRegen 0.51/turn

%: mayhem
@: no status effects
A: AC +5, unfitting armour, cold-blooded
a: no special abilities


You were on level 3 of the Dungeon.
You visited 1 branch of the dungeon, and saw 3 of its levels.

You collected 101 gold pieces.

Inventory:

Armour
 c - a +0 cloak (worn)
 n - an orb of mayhem (worn)
 p - a +0 pair of gloves (worn)
 q - a +2 hat (worn)
Jewellery
 g - an amulet of magic regeneration (around neck)
 i - a +4 ring of protection
 k - a +4 ring of slaying
Scrolls
 d - a scroll of enchant armour {unknown}
 e - a scroll of blinking {unknown}
 f - a scroll of magic mapping {unknown}
 o - 3 scrolls of identify {unknown}
Potions
 a - a potion of lignification
 b - a potion of cancellation {unknown}
 h - a potion of attraction {unknown}
 j - a potion of curing {unknown}
 l - a potion of might {unknown}
 m - a potion of invisibility {unknown}


   Skills:
 - Level 1.1 Fighting
 - Level 2.0 Dodging
 + Level 4.9 Unarmed Combat
 - Level 2.1 Spellcasting
 + Level 3.2 Transmutations


You had 5 spell levels left.
You knew the following spells:

 Your Spells              Type           Power      Damage    Failure   Level
a - Beastly Appendage     Tmut           18%        N/A       7%          1
b - Wereblood             Tmut           9%         N/A       10%         2

Your spell library contained the following spells:

 Spells                   Type           Power      Damage    Failure   Level
 Magic Dart               Conj           4%         1d3       26%         1
 Call Imp                 Summ           2%         N/A       36%         2
 Spider Form              Tmut/Pois      5%         N/A       36%         3
 Mephitic Cloud           Conj/Pois/Air  1%         N/A       58%         3
 Portal Projectile        Hex/Tloc       2%         N/A       58%         3
 Tukima's Dance           Hex            1%         N/A       58%         3
 Ice Form                 Ice/Tmut       5%         N/A       78%         4
 Blade Hands              Tmut           4%         N/A       88%         5


Dungeon Overview and Level Annotations

Branches:
Dungeon (3/15)

Altars:
Trog


Innate Abilities, Weirdness & Mutations

Your plain brown scales are hard. (AC +5)
You cannot fit into any form of body armour.
You are cold-blooded and may be slowed by cold attacks.


Message History

The orc hits you but does no damage. The orc hits you with a +0 mace.
* * * LOW HITPOINT WARNING * * *
You have reached level 5!
The orc attacks as you move away! The orc hits you but does no damage.
The orc attacks as you move away! The orc completely misses you.
The orc attacks as you move away! The orc hits you with a +0 mace.
* * * LOW HITPOINT WARNING * * *
Your transformation is almost over.
Found a quarterstaff.
You see here a +0 dagger.
An endoplasm comes into view.
The orc attacks as you move away! The orc barely misses you.
The orc attacks as you move away! The orc hits you but does no damage.
Found a stone staircase leading down.
The orc closely misses you. The orc attacks as you move away!
The orc barely misses you. The orc attacks as you move away!
The orc misses you. The orc attacks as you move away!
The orc hits you but does no damage.
Your horns disappear.
Your talons disappear.
Your +2 hat unmelds from your body.
The orc attacks as you move away! The orc barely misses you.
You hear the slow rusting of a very distant drain.
The orc attacks as you move away! The orc hits you but does no damage.
The orc attacks as you move away! The orc closely misses you.
The orc attacks as you move away! The orc hits you with a +0 mace.
* * * LOW HITPOINT WARNING * * *
The orc attacks as you move away! The orc hits you but does no damage.
The orc attacks as you move away! The orc barely misses you.
A frilled lizard comes into view.
The orc attacks as you move away! The orc barely misses you.
The frilled lizard hisses angrily.
The orc attacks as you move away! The orc barely misses you.
The orc attacks as you move away! The orc hits you but does no damage.
Found a bloodstained altar of Trog.
The orc attacks as you move away! The orc hits you with a +0 mace.
* * * LOW HITPOINT WARNING * * *
The orc attacks as you move away! The orc misses you.
The orc attacks as you move away! The orc closely misses you.
The orc attacks as you move away! The orc hits you with a +0 mace!
You die...

.......##...........##.......#
....)...............##.......#
.....†..........)...##.......#
.........)).#................#
..........#...........########
.....##...#.##.......^#
............##........#
.........#...........!#
...............o@..####
...............o...#
..........J......###.
....................._
................l###..
.....#.............#
....##.............#
##'#.................
.>.#..................


You could see 2 orcs, an endoplasm and a frilled lizard.

Vanquished Creatures
  An orc priest (D:3)
  2 gnolls (D:3)
  2 adders (D:2)
  A worm (D:2)
  3 dart slugs
  An orc (D:3)
  4 bats
  5 endoplasms
  3 giant cockroaches (D:1)
  6 goblins
  5 hobgoblins
  4 quokkas
  5 ball pythons
  2 frilled lizards (D:1)
  2 kobolds
  3 rats
49 creatures vanquished.

Vanquished Creatures (collateral kills)
  A gnoll (D:3)
1 creature vanquished.

Grand Total: 50 creatures vanquished

Notes
Turn   | Place    | Note
-------+----------+-------------------------------------------
     0 | D:1      | DenSaoPin the Draconian Transmuter began the quest for the
                  | Orb.
     0 | D:1      | Reached XP level 1. HP: 16/16 MP: 3/3
   195 | D:1      | Reached XP level 2. HP: 17/23 MP: 5/5
   572 | D:1      | Found a faded altar of an unknown god.
   695 | D:1      | Reached XP level 3. HP: 16/28 MP: 6/6
  1152 | D:2      | Reached skill level 4 in Unarmed Combat
  1286 | D:2      | Learned a level 2 spell: Wereblood
  1323 | D:2      | Reached XP level 4. HP: 35/35 MP: 7/7
  1863 | D:3      | Reached XP level 5. HP: 9/40 MP: 8/8
  1883 | D:3      | Found a bloodstained altar of Trog.
  1884 | D:3      | HP: 1/40 [orc/+0 mace (6)]
  1886 | D:3      | Slain by an orc

Illustrated notes

Levels and vault maps discovered:
D:1:      spicycebolla_arrival_risky_transporter, layout_basic,
          chequers_ecumenical_altar_lobes, serial_glass, glass_columns_a,
          glass_columns_a
D:2:      layout_rooms, kennysheep_generic_room_2
D:3:      layout_basic, trog_wizard, portal_sewer_entry_e,
          kennysheep_generic_room_3

Skill      XL: |  1  2  3  4 |
---------------+-------------+-----
Dodging        | 2 |  2.0
Unarmed Combat | 4 |  4.9
Transmutations | 3 |  3.2
Fighting       | |  1.1
Spellcasting   | |  2.1

Action                     |  1- 3 |  4- 6 || total
---------------------------+-------+-------++-------
  Melee: Unarmed           |   150 |    46 ||   196
         Tailslap          |    11 |     8 ||    19
         Headbutt          |     2 |       ||     2
         Punch             |     2 |       ||     2
         Kick              |     1 |       ||     1
   Cast: Beastly Appendage |     1 |     2 ||     3
         Wereblood         |     1 |       ||     1
   Stab: Sleeping          |       |     2 ||     2
 Armour: Skin              |    53 |    26 ||    79
  Dodge: Dodged            |   117 |    51 ||   168
